AoeStats
← lavive3113

Oasis

510156326Analyzed
3v3 RM · 1d ago on Sep 29, 2026· 47m 53s· 6 players
Game mode
Random Map
Map size
Normal (6 player)
Population
200
Speed
Normal
Resources
Standard
Victory
Conquest
Starting age
Dark Age
Ending age
Imperial Age
RankedLock teamsTeams togetherTeam positionsShared explorationLock speedFull tech treeHidden civsTurbo modeCheats
Victory
Defeat
🇺🇸 Jurchens · United States
910
+15
🇺🇸 Magyars · United States
894
+15
🇺🇸 Armenians · United States
880
+16
🇧🇷 Gurjaras · Brazil
924
-18
🇫🇷 Burgundians · France
923
-17
🇫🇷 Romans · France
784
-11
BloodTearss
6:16 Loom
12:42 Feudal Age
17:21 Castle Age
15:33 Double-Bit Axe
16:17 Stone Mining
18:27 Man-at-Arms
18:52 Gambesons
19:10 Squires
20:28 Gold Mining
26:47 Wheelbarrow
27:15 Ballistics
26:49 Fletching
27:00 Padded Archer Armor
27:48 Horse Collar
28:21 Bow Saw
29:23 Long Swordsman
30:03 Bodkin Arrow
30:20 Forging
30:10 Scale Mail Armor
30:03 Town Watch
31:52 Fortified Wall
31:38 Murder Holes
31:08 Two-Handed Swordsman
31:36 Arson
32:37 Champion
36:44 Leather Archer Armor
43:40 Iron Casting
43:20 Chain Mail Armor
45:39 Gold Shaft Mining
45:26 Hand Cart
Fryy
4:50 Loom
11:42 Feudal Age
16:43 Castle Age
15:06 Double-Bit Axe
15:02 Horse Collar
19:28 Bow Saw
21:04 Heavy Plow
21:34 Gold Mining
25:14 Stone Mining
27:25 Gold Shaft Mining
27:31 Wheelbarrow
28:38 Hand Cart
34:08 Imperial Age
32:40 Scale Barding Armor
34:26 Chain Barding Armor
34:34 Bloodlines
34:31 Husbandry
34:30 Murder Holes
34:55 Ballistics
36:11 Crop Rotation
35:53 Caravan
36:58 Two-Man Saw
36:27 Cavalier
39:19 Paladin
41:24 Plate Barding Armor
sleW
9:43 Loom
11:55 Feudal Age
13:37 Double-Bit Axe
16:37 Castle Age
16:18 Horse Collar
20:42 Scale Barding Armor
20:48 Forging
20:52 Bloodlines
20:43 Husbandry
24:04 Scale Mail Armor
24:53 Gambesons
25:09 Squires
30:12 Wheelbarrow
30:43 Chain Mail Armor
30:40 Gold Mining
33:02 Hand Cart
33:26 Iron Casting
33:12 Chain Barding Armor
34:09 Bow Saw
34:02 Heavy Plow
34:40 Gold Shaft Mining
34:27 Town Watch
44:09 Imperial Age
44:33 Capped Ram
45:35 Elite Iron Pagoda
45:41 Elite Steppe Lancer
missoukette
4:28 Loom
11:23 Feudal Age
11:53 Double-Bit Axe
11:58 Horse Collar
13:59 Wheelbarrow
19:57 Castle Age
18:18 Stone Mining
21:19 Gold Mining
24:30 Hand Cart
25:33 Heavy Plow
25:49 Bow Saw
25:45 Caravan
32:22 Imperial Age
32:06 Elite Skirmisher
33:09 Bloodlines
33:00 Husbandry
37:46 Ballistics
38:27 Chemistry
37:24 Murder Holes
39:01 Bloodlines
38:52 Husbandry
40:01 Conscription
42:43 Scale Barding Armor
42:29 Fletching
42:52 Forging
lavive3113
8:02 Loom
10:58 Feudal Age
9:17 Double-Bit Axe
11:54 Bow Saw
11:59 Horse Collar
12:40 Heavy Plow
16:29 Wheelbarrow
17:00 Gold Mining
22:16 Castle Age
23:41 Hand Cart
25:44 Two-Man Saw
25:17 Crop Rotation
26:54 Gold Shaft Mining
26:44 Fortified Wall
26:18 Treadmill Crane
27:21 Stone Mining
28:38 Stone Shaft Mining
28:45 Fletching
30:49 Town Watch
34:45 Imperial Age
33:33 Town Patrol
34:11 Masonry
34:24 Ballistics
34:22 Elite Skirmisher
34:25 Crossbowman
34:30 Pikeman
35:12 Squires
35:36 Burgundian Vineyards
35:51 Conscription
36:50 Chemistry
36:54 Murder Holes
44:58 Halberdier
46:55 Bodkin Arrow
47:01 Padded Archer Armor
Rearte7
7:54 Loom
11:10 Feudal Age
12:54 Double-Bit Axe
12:57 Town Watch
12:55 Horse Collar
21:14 Castle Age
21:34 Scale Barding Armor
21:22 Gold Mining
22:41 Heavy Plow
23:54 Husbandry
24:05 Bloodlines
25:09 Chain Barding Armor
28:20 Wheelbarrow
27:47 Stone Mining
29:54 Ballistics
29:26 Fletching
30:04 Fortified Wall
29:36 Treadmill Crane
30:58 Bodkin Arrow
31:41 Stone Shaft Mining
31:20 Masonry
33:01 Murder Holes
34:30 Forging
37:55 Imperial Age
36:44 Iron Casting
36:45 Kshatriyas
39:31 Conscription
Connection lost

Rejoining the realm…

Still unreachable

The connection could not be restored.

Session expired

The server has moved on; the page needs a fresh start.